[ AOE2 MATCH · #474994756 ]
UnrankedSlavs vs Poles
[ REPLAY ANALYSIS · EXTRACTED FROM THE RECORDED GAME ]
Feudal
11:40
Castle
15:21
Imperial
—
| APM avg | 37.8 |
| APM peak | 95 |
| eAPM avg | 25.4 |
| Villagers / military | 124 / 79 |
Focus
⚔️ 32.4% · 🌾 67.6%
Spearman ×70 · Battering Ram ×4 · Mangonel ×2 · Scorpion ×2 · Militia ×1
Feudal
10:33
Castle
14:09
Imperial
28:06
| APM avg | 40.7 |
| APM peak | 88 |
| eAPM avg | 28.8 |
| Villagers / military | 183 / 191 |
Focus
⚔️ 33.9% · 🌾 66.1%
Knight ×79 · Obuch ×64 · Scout Cavalry ×35 · Trebuchet (Packed) ×13
Feudal
11:47
Castle
15:28
Imperial
29:45
| APM avg | 41.0 |
| APM peak | 109 |
| eAPM avg | 25.5 |
| Villagers / military | 168 / 89 |
Focus
⚔️ 27.4% · 🌾 72.6%
Spearman ×76 · Mangonel ×9 · Bombard Cannon ×3 · Monk ×1
Feudal
10:57
Castle
14:28
Imperial
27:40
| APM avg | 48.7 |
| APM peak | 90 |
| eAPM avg | 31.3 |
| Villagers / military | 168 / 103 |
Focus
⚔️ 25.0% · 🌾 75.0%
Battle Elephant ×98 · Trebuchet (Packed) ×4 · Monk ×1
Feudal
11:31
Castle
20:59
Imperial
34:08
| APM avg | 28.9 |
| APM peak | 66 |
| eAPM avg | 17.2 |
| Villagers / military | 112 / 89 |
Focus
⚔️ 26.4% · 🌾 73.6%
Skirmisher ×75 · Monk ×7 · Archer ×4 · Militia ×3
Feudal
11:08
Castle
14:56
Imperial
29:53
| APM avg | 22.1 |
| APM peak | 61 |
| eAPM avg | 10.5 |
| Villagers / military | 55 / 39 |
Focus
⚔️ 21.3% · 🌾 78.7%
Longbowman ×31 · Monk ×4 · Battering Ram ×2 · Trebuchet (Packed) ×2
Feudal
10:29
Castle
18:57
Imperial
32:19
| APM avg | 38.5 |
| APM peak | 75 |
| eAPM avg | 29.4 |
| Villagers / military | 177 / 65 |
Focus
⚔️ 34.8% · 🌾 65.2%
Bolas Rider ×59 · Mangonel ×4 · Monk ×1 · Spearman ×1
Feudal
11:00
Castle
14:45
Imperial
28:33
| APM avg | 42.2 |
| APM peak | 116 |
| eAPM avg | 28.4 |
| Villagers / military | 166 / 175 |
Focus
⚔️ 35.2% · 🌾 64.8%
Spearman ×140 · Leitis ×15 · Scorpion ×13 · Monk ×4 · Petard ×2 · Trebuchet (Packed) ×1
Match map
Initial resources + every placement click. Lines = walls · curves = elevation contours. ◆ gold · ⬟ stone · ● berries · ✦ relic · ◌ wall gap
Your base· ✓ Closed at 15:21 · 39t walls · no gate
HoangNguyen's base· ✓ Closed at 14:09 · 0t walls · no gate
JonnyTheMonkey's base· ✓ Closed at 15:28 · 9t walls · 1 gate(s)
MrDoDo's base· ✓ Closed at 14:28 · 0t walls · no gate
杜孤's base· ✓ Closed at 20:59 · 47t walls · 2 gate(s)
champyinz21's base· Open — opponent sealed themselves in
Eugenius's base· ✓ Closed at 18:57 · 40t walls · 1 gate(s)
Spank~'s base· ✓ Closed at 14:45 · 0t walls · no gate
Smoothed initial terrain · ◌ = detected wall gap · hover for details
Inputs per minute
— KidCudi - - HoangNguyen
Build order — KidCudi
First 150 of 365 actions detected
| 0:01 | Queue | Villager (Male) |
| 0:02 | Queue | Villager (Male) |
| 0:04 | Build | House |
| 0:05 | Build | House |
| 0:12 | Queue | Villager (Male) |
| 0:13 | Queue | Villager (Male) |
| 0:25 | Research | Loom |
| 0:32 | Queue | Villager (Male) |
| 0:33 | Queue | Villager (Male) |
| 0:33 | Queue | Villager (Male) |
| 0:54 | Build | Palisade Wall |
| 1:52 | Queue | Villager (Male) |
| 1:52 | Queue | Villager (Male) |
| 2:23 | Build | Palisade Wall |
| 2:31 | Queue | Villager (Male) |
| 2:32 | Queue | Villager (Male) |
| 2:55 | Queue | Villager (Male) |
| 2:56 | Queue | Villager (Male) |
| 3:29 | Queue | Villager (Male) |
| 3:29 | Queue | Villager (Male) |
| 3:55 | Queue | Villager (Male) |
| 4:22 | Queue | Villager (Male) |
| 4:40 | Build | Lumber Camp |
| 4:52 | Queue | Villager (Male) |
| 4:52 | Queue | Villager (Male) |
| 4:57 | Build | House |
| 5:09 | Queue | Villager (Male) |
| 5:30 | Queue | Villager (Male) |
| 5:54 | Queue | Villager (Male) |
| 6:18 | Queue | Villager (Male) |
| 6:44 | Queue | Villager (Male) |
| 6:57 | Build | House |
| 7:05 | Queue | Villager (Male) |
| 7:36 | Queue | Villager (Male) |
| 8:00 | Queue | Villager (Male) |
| 8:05 | Build | Mill |
| 8:15 | Build | House |
| 8:23 | Queue | Villager (Male) |
| 8:48 | Queue | Villager (Male) |
| 9:18 | Build | Mill |
| 9:21 | Research | Feudal Age |
| 9:59 | Build | Mining Camp |
| 11:30 | Queue | Villager (Male) |
| 11:40 | Age | Feudal Age |
| 11:42 | Build | Market |
| 11:49 | Build | Blacksmith |
| 12:02 | Queue | Villager (Male) |
| 12:16 | Build | House |
| 12:33 | Build | Stone Wall |
| 12:35 | Build | Stone Wall |
| 12:41 | Research | Castle Age |
| 12:41 | Research | Castle Age |
| 13:00 | Build | Stone Wall |
| 14:24 | Build | House |
| 14:27 | Build | Palisade Wall |
| 14:32 | Build | House |
| 14:39 | Build | House |
| 14:41 | Queue | Villager (Male) |
| 15:08 | Build | Barracks |
| 15:21 | Age | Castle Age |
| 15:29 | Build | Siege Workshop |
| 15:32 | Build | Town Center |
| 15:33 | Queue | Villager (Male) |
| 15:46 | Build | Stone Wall |
| 16:03 | Research | Town Watch |
| 16:04 | Research | Wheelbarrow |
| 16:12 | Research | Double-Bit Axe |
| 16:13 | Queue | Villager (Male) |
| 16:23 | Queue | Mangonel |
| 16:24 | Queue | Mangonel |
| 16:33 | Build | Farm |
| 16:33 | Build | Farm |
| 16:39 | Research | Horse Collar |
| 16:39 | Research | Horse Collar |
| 16:51 | Queue | Villager (Male) |
| 16:58 | Research | Town Watch |
| 17:00 | Build | Farm |
| 17:05 | Build | House |
| 17:07 | Build | House |
| 17:10 | Build | House |
| 17:15 | Build | House |
| 17:27 | Build | Farm |
| 17:44 | Build | Farm |
| 17:56 | Build | Farm |
| 18:02 | Queue | Villager (Male) |
| 18:02 | Queue | Villager (Male) |
| 18:10 | Build | Lumber Camp |
| 18:14 | Build | Farm |
| 18:31 | Build | Farm |
| 18:38 | Build | Farm |
| 18:39 | Queue | Villager (Male) |
| 18:40 | Queue | Villager (Male) |
| 18:43 | Build | Farm |
| 18:47 | Build | Farm |
| 19:22 | Queue | Villager (Male) |
| 19:22 | Queue | Villager (Male) |
| 19:22 | Queue | Villager (Male) |
| 19:37 | Queue | Villager (Male) |
| 19:37 | Queue | Villager (Male) |
| 19:46 | Build | Mill |
| 19:47 | Build | Farm |
| 19:47 | Build | Farm |
| 19:47 | Build | Farm |
| 19:47 | Build | Farm |
| 19:48 | Build | Farm |
| 19:48 | Build | Farm |
| 19:48 | Build | Farm |
| 19:48 | Build | Farm |
| 19:49 | Build | Farm |
| 19:49 | Build | Farm |
| 19:49 | Build | Farm |
| 19:51 | Queue | Villager (Male) |
| 19:51 | Queue | Villager (Male) |
| 20:07 | Queue | Villager (Male) |
| 20:07 | Queue | Villager (Male) |
| 20:14 | Queue | Villager (Male) |
| 20:15 | Queue | Villager (Male) |
| 20:15 | Queue | Villager (Male) |
| 20:33 | Build | House |
| 20:36 | Queue | Villager (Male) |
| 20:36 | Queue | Villager (Male) |
| 20:44 | Queue | Villager (Male) |
| 20:45 | Queue | Villager (Male) |
| 20:47 | Build | Farm |
| 20:48 | Build | Farm |
| 20:50 | Build | Farm |
| 21:02 | Queue | Villager (Male) |
| 21:02 | Queue | Villager (Male) |
| 21:10 | Queue | Villager (Male) |
| 21:10 | Queue | Villager (Male) |
| 21:15 | Build | House |
| 21:16 | Queue | Villager (Male) |
| 21:16 | Queue | Villager (Male) |
| 21:21 | Build | Farm |
| 21:24 | Build | Farm |
| 21:26 | Queue | Villager (Male) |
| 21:27 | Queue | Villager (Male) |
| 21:27 | Queue | Villager (Male) |
| 21:28 | Queue | Villager (Male) |
| 22:11 | Queue | Villager (Male) |
| 22:11 | Research | Wheelbarrow |
| 22:13 | Queue | Villager (Male) |
| 22:18 | Build | Lumber Camp |
| 22:23 | Queue | Villager (Male) |
| 22:37 | Build | Farm |
| 22:39 | Build | Farm |
| 22:41 | Build | Farm |
| 22:44 | Build | Farm |
| 22:45 | Queue | Villager (Male) |
| 23:01 | Build | Barracks |
Build order — HoangNguyen
First 150 of 515 actions detected
| 0:01 | Queue | Villager (Male) |
| 0:02 | Queue | Villager (Male) |
| 0:02 | Queue | Villager (Male) |
| 0:02 | Queue | Villager (Male) |
| 0:03 | Build | House |
| 0:04 | Build | House |
| 1:38 | Queue | Villager (Male) |
| 1:38 | Queue | Villager (Male) |
| 1:54 | Build | Lumber Camp |
| 2:03 | Queue | Villager (Male) |
| 2:03 | Queue | Villager (Male) |
| 2:20 | Queue | Villager (Male) |
| 2:20 | Queue | Villager (Male) |
| 2:48 | Queue | Villager (Male) |
| 2:48 | Queue | Villager (Male) |
| 3:07 | Queue | Villager (Male) |
| 3:07 | Queue | Villager (Male) |
| 3:38 | Queue | Villager (Male) |
| 3:38 | Queue | Villager (Male) |
| 3:57 | Queue | Villager (Male) |
| 3:57 | Queue | Villager (Male) |
| 3:57 | Queue | Villager (Male) |
| 4:02 | Build | Mill |
| 4:35 | Queue | Villager (Male) |
| 4:35 | Queue | Villager (Male) |
| 4:59 | Queue | Villager (Male) |
| 4:59 | Queue | Villager (Male) |
| 5:00 | Queue | Villager (Male) |
| 5:46 | Queue | Villager (Male) |
| 5:57 | Build | Mill |
| 6:03 | Queue | Villager (Male) |
| 6:05 | Queue | Villager (Male) |
| 6:05 | Queue | Villager (Male) |
| 7:09 | Queue | Villager (Male) |
| 7:22 | Queue | Villager (Male) |
| 7:41 | Build | Mining Camp |
| 8:20 | Research | Feudal Age |
| 10:20 | Build | House |
| 10:26 | Queue | Villager (Male) |
| 10:33 | Age | Feudal Age |
| 10:36 | Build | Market |
| 10:38 | Build | Blacksmith |
| 11:00 | Queue | Villager (Male) |
| 11:29 | Research | Castle Age |
| 11:29 | Research | Castle Age |
| 11:50 | Research | Double-Bit Axe |
| 11:51 | Research | Horse Collar |
| 13:06 | Build | Farm |
| 13:11 | Build | Farm |
| 14:09 | Age | Castle Age |
| 14:20 | Queue | Villager (Male) |
| 14:23 | Build | Town Center |
| 14:28 | Queue | Villager (Male) |
| 14:32 | Build | Town Center |
| 14:38 | Queue | Villager (Male) |
| 14:58 | Queue | Villager (Male) |
| 15:13 | Build | Farm |
| 15:28 | Research | Heavy Plow |
| 15:29 | Queue | Villager (Male) |
| 15:40 | Queue | Villager (Male) |
| 15:43 | Queue | Villager (Male) |
| 15:56 | Queue | Villager (Male) |
| 16:08 | Queue | Villager (Male) |
| 16:18 | Queue | Villager (Male) |
| 16:23 | Queue | Villager (Male) |
| 16:25 | Queue | Villager (Male) |
| 16:30 | Build | Town Center |
| 16:32 | Queue | Villager (Male) |
| 16:34 | Build | Farm |
| 16:36 | Build | Farm |
| 16:37 | Build | Farm |
| 16:39 | Queue | Villager (Male) |
| 16:41 | Build | Farm |
| 16:44 | Build | Farm |
| 16:45 | Queue | Villager (Male) |
| 16:51 | Queue | Villager (Male) |
| 16:55 | Queue | Villager (Male) |
| 16:58 | Queue | Villager (Male) |
| 17:02 | Queue | Villager (Male) |
| 17:17 | Build | House |
| 17:17 | Build | House |
| 17:25 | Build | House |
| 17:25 | Build | House |
| 17:30 | Queue | Villager (Male) |
| 17:33 | Build | Farm |
| 17:35 | Build | Farm |
| 17:45 | Queue | Villager (Male) |
| 17:48 | Build | Farm |
| 17:50 | Build | Farm |
| 17:52 | Build | Farm |
| 17:56 | Queue | Villager (Male) |
| 18:03 | Build | Farm |
| 18:06 | Build | Farm |
| 18:07 | Queue | Villager (Male) |
| 18:09 | Build | Farm |
| 18:10 | Queue | Villager (Male) |
| 18:16 | Build | Mill |
| 18:16 | Queue | Villager (Male) |
| 18:18 | Build | Farm |
| 18:22 | Queue | Villager (Male) |
| 18:33 | Research | Wheelbarrow |
| 18:36 | Queue | Villager (Male) |
| 18:43 | Queue | Villager (Male) |
| 18:44 | Build | Farm |
| 18:51 | Build | House |
| 18:51 | Build | House |
| 18:54 | Queue | Villager (Male) |
| 18:55 | Queue | Villager (Male) |
| 18:59 | Queue | Villager (Male) |
| 19:06 | Build | Farm |
| 19:07 | Build | Farm |
| 19:10 | Queue | Villager (Male) |
| 19:10 | Queue | Villager (Male) |
| 19:13 | Build | Farm |
| 19:18 | Queue | Villager (Male) |
| 19:20 | Build | Farm |
| 19:24 | Queue | Villager (Male) |
| 19:30 | Queue | Villager (Male) |
| 19:32 | Build | House |
| 19:33 | Build | House |
| 19:45 | Research | Bow Saw |
| 19:46 | Queue | Villager (Male) |
| 19:54 | Queue | Villager (Male) |
| 20:04 | Queue | Villager (Male) |
| 20:10 | Queue | Villager (Male) |
| 20:17 | Queue | Villager (Male) |
| 20:20 | Build | Town Center |
| 20:22 | Queue | Villager (Male) |
| 20:29 | Build | Farm |
| 20:30 | Queue | Villager (Male) |
| 20:31 | Queue | Villager (Male) |
| 20:37 | Queue | Villager (Male) |
| 20:43 | Build | Farm |
| 20:43 | Queue | Villager (Male) |
| 20:48 | Queue | Villager (Male) |
| 20:50 | Build | House |
| 20:50 | Build | House |
| 20:53 | Queue | Villager (Male) |
| 20:59 | Build | Mill |
| 21:01 | Build | Farm |
| 21:02 | Queue | Villager (Male) |
| 21:07 | Queue | Villager (Male) |
| 21:08 | Queue | Villager (Male) |
| 21:08 | Queue | Villager (Male) |
| 21:13 | Queue | Villager (Male) |
| 21:25 | Queue | Villager (Male) |
| 21:30 | Build | Farm |
| 21:30 | Build | Farm |
| 21:32 | Queue | Villager (Male) |
| 21:37 | Queue | Villager (Male) |
Build order — JonnyTheMonkey
First 150 of 437 actions detected
| 0:01 | Queue | Villager (Male) |
| 0:01 | Queue | Villager (Male) |
| 0:03 | Build | House |
| 0:04 | Build | House |
| 0:18 | Queue | Villager (Male) |
| 0:31 | Queue | Villager (Male) |
| 1:30 | Queue | Villager (Male) |
| 1:30 | Queue | Villager (Male) |
| 1:53 | Queue | Villager (Male) |
| 1:53 | Queue | Villager (Male) |
| 1:54 | Build | Lumber Camp |
| 2:19 | Queue | Villager (Male) |
| 2:50 | Queue | Villager (Male) |
| 2:50 | Queue | Villager (Male) |
| 3:11 | Queue | Villager (Male) |
| 3:11 | Queue | Villager (Male) |
| 3:30 | Queue | Villager (Male) |
| 3:31 | Queue | Villager (Male) |
| 3:31 | Queue | Villager (Male) |
| 3:51 | Build | House |
| 3:52 | Build | House |
| 4:14 | Queue | Villager (Male) |
| 4:23 | Build | Mill |
| 4:56 | Queue | Villager (Male) |
| 4:56 | Queue | Villager (Male) |
| 5:18 | Queue | Villager (Male) |
| 5:40 | Build | Mill |
| 5:45 | Queue | Villager (Male) |
| 6:09 | Queue | Villager (Male) |
| 6:26 | Build | House |
| 6:29 | Queue | Villager (Male) |
| 6:50 | Build | House |
| 7:07 | Queue | Villager (Male) |
| 7:17 | Queue | Villager (Male) |
| 7:34 | Queue | Villager (Male) |
| 8:07 | Queue | Villager (Male) |
| 8:19 | Build | Lumber Camp |
| 8:24 | Queue | Villager (Male) |
| 8:56 | Build | Mining Camp |
| 8:59 | Queue | Villager (Male) |
| 9:33 | Research | Feudal Age |
| 10:14 | Build | House |
| 11:04 | Queue | Villager (Male) |
| 11:04 | Queue | Villager (Male) |
| 11:47 | Age | Feudal Age |
| 11:57 | Build | Market |
| 11:59 | Build | Blacksmith |
| 12:45 | Research | Double-Bit Axe |
| 12:48 | Research | Castle Age |
| 12:51 | Research | Horse Collar |
| 12:57 | Build | Palisade Wall |
| 12:59 | Build | Palisade Wall |
| 13:24 | Build | Palisade Gate |
| 14:10 | Build | Farm |
| 14:11 | Build | Farm |
| 14:13 | Build | Farm |
| 14:14 | Build | Farm |
| 14:17 | Build | Farm |
| 14:19 | Build | Farm |
| 14:21 | Build | Farm |
| 14:34 | Queue | Villager (Male) |
| 14:34 | Queue | Villager (Male) |
| 14:39 | Build | House |
| 14:45 | Build | House |
| 15:28 | Age | Castle Age |
| 15:34 | Build | Town Center |
| 15:40 | Build | Town Center |
| 15:41 | Research | Bow Saw |
| 15:42 | Queue | Villager (Male) |
| 15:52 | Research | Loom |
| 15:57 | Research | Heavy Plow |
| 15:59 | Queue | Villager (Male) |
| 16:08 | Queue | Villager (Male) |
| 16:26 | Queue | Villager (Male) |
| 16:28 | Queue | Villager (Male) |
| 16:30 | Research | Heavy Plow |
| 16:54 | Build | Farm |
| 16:56 | Build | Farm |
| 17:00 | Queue | Villager (Male) |
| 17:00 | Queue | Villager (Male) |
| 17:04 | Queue | Villager (Male) |
| 17:07 | Build | Farm |
| 17:09 | Build | Farm |
| 17:11 | Build | Farm |
| 17:12 | Queue | Villager (Male) |
| 17:13 | Queue | Villager (Male) |
| 17:35 | Build | Farm |
| 17:37 | Build | Farm |
| 17:39 | Queue | Villager (Male) |
| 17:51 | Queue | Villager (Male) |
| 17:59 | Build | Farm |
| 18:00 | Queue | Villager (Male) |
| 18:01 | Build | Farm |
| 18:02 | Queue | Villager (Male) |
| 18:02 | Queue | Villager (Male) |
| 18:16 | Queue | Villager (Male) |
| 18:16 | Queue | Villager (Male) |
| 18:30 | Build | Monastery |
| 18:58 | Queue | Villager (Male) |
| 18:58 | Queue | Villager (Male) |
| 19:01 | Build | Farm |
| 19:01 | Build | Farm |
| 19:01 | Build | Farm |
| 19:02 | Build | Farm |
| 19:02 | Build | Farm |
| 19:03 | Queue | Villager (Male) |
| 19:10 | Queue | Villager (Male) |
| 19:13 | Queue | Villager (Male) |
| 19:15 | Queue | Monk |
| 19:22 | Build | Gate |
| 19:24 | Build | Stone Wall |
| 19:29 | Build | Outpost |
| 19:32 | Build | Outpost |
| 19:32 | Queue | Villager (Male) |
| 19:33 | Queue | Villager (Male) |
| 19:44 | Queue | Villager (Male) |
| 19:52 | Queue | Villager (Male) |
| 19:52 | Queue | Villager (Male) |
| 19:55 | Build | Town Center |
| 20:15 | Queue | Villager (Male) |
| 20:16 | Queue | Villager (Male) |
| 20:17 | Build | Lumber Camp |
| 20:23 | Research | Town Watch |
| 20:25 | Build | House |
| 20:29 | Queue | Villager (Male) |
| 20:38 | Build | Farm |
| 20:39 | Queue | Villager (Male) |
| 20:39 | Queue | Villager (Male) |
| 20:42 | Build | Farm |
| 20:49 | Queue | Villager (Male) |
| 20:56 | Build | House |
| 20:57 | Build | House |
| 20:57 | Build | House |
| 20:58 | Build | House |
| 20:59 | Queue | Villager (Male) |
| 20:59 | Queue | Villager (Male) |
| 21:02 | Build | Farm |
| 21:11 | Build | Farm |
| 21:14 | Queue | Villager (Male) |
| 21:14 | Queue | Villager (Male) |
| 21:21 | Research | Wheelbarrow |
| 21:28 | Build | House |
| 21:29 | Build | House |
| 21:29 | Build | House |
| 21:32 | Queue | Villager (Male) |
| 21:32 | Queue | Villager (Male) |
| 21:34 | Queue | Villager (Male) |
| 21:34 | Queue | Villager (Male) |
| 21:36 | Queue | Villager (Male) |
| 21:38 | Build | Farm |
Build order — MrDoDo
First 150 of 462 actions detected
| 0:01 | Queue | Villager (Male) |
| 0:01 | Queue | Villager (Male) |
| 0:03 | Build | House |
| 0:05 | Build | House |
| 0:12 | Queue | Villager (Male) |
| 0:12 | Queue | Villager (Male) |
| 1:27 | Queue | Villager (Male) |
| 1:28 | Queue | Villager (Male) |
| 1:52 | Build | Lumber Camp |
| 2:00 | Queue | Villager (Male) |
| 2:23 | Queue | Villager (Male) |
| 2:23 | Queue | Villager (Male) |
| 2:45 | Queue | Villager (Male) |
| 2:46 | Queue | Villager (Male) |
| 3:17 | Queue | Villager (Male) |
| 3:17 | Queue | Villager (Male) |
| 3:39 | Queue | Villager (Male) |
| 3:39 | Queue | Villager (Male) |
| 3:49 | Build | House |
| 3:49 | Build | House |
| 4:00 | Queue | Villager (Male) |
| 4:00 | Queue | Villager (Male) |
| 4:20 | Queue | Villager (Male) |
| 4:20 | Queue | Villager (Male) |
| 4:43 | Queue | Villager (Male) |
| 4:44 | Queue | Villager (Male) |
| 5:14 | Queue | Villager (Male) |
| 5:14 | Queue | Villager (Male) |
| 5:14 | Queue | Villager (Male) |
| 5:44 | Queue | Villager (Male) |
| 6:05 | Queue | Villager (Male) |
| 6:33 | Queue | Villager (Male) |
| 6:35 | Build | Mill |
| 7:15 | Queue | Villager (Male) |
| 7:57 | Queue | Villager (Male) |
| 7:57 | Queue | Villager (Male) |
| 8:08 | Build | Mining Camp |
| 8:25 | Research | Feudal Age |
| 8:35 | Build | Mill |
| 10:27 | Build | House |
| 10:27 | Build | House |
| 10:32 | Queue | Villager (Male) |
| 10:32 | Queue | Villager (Male) |
| 10:57 | Age | Feudal Age |
| 10:58 | Build | Market |
| 11:02 | Build | Blacksmith |
| 11:48 | Research | Castle Age |
| 11:48 | Research | Castle Age |
| 12:35 | Research | Horse Collar |
| 12:38 | Build | Farm |
| 12:39 | Build | Farm |
| 12:41 | Build | Farm |
| 12:43 | Build | Farm |
| 14:28 | Age | Castle Age |
| 14:31 | Queue | Villager (Male) |
| 14:31 | Queue | Villager (Male) |
| 14:33 | Research | Heavy Plow |
| 14:51 | Build | Town Center |
| 14:57 | Build | Town Center |
| 15:03 | Queue | Villager (Male) |
| 15:03 | Build | Farm |
| 15:24 | Queue | Villager (Male) |
| 15:25 | Build | Farm |
| 15:49 | Build | Farm |
| 15:51 | Queue | Villager (Male) |
| 16:08 | Queue | Villager (Male) |
| 16:09 | Build | Farm |
| 16:11 | Build | Farm |
| 16:13 | Build | Farm |
| 16:19 | Build | Farm |
| 16:21 | Queue | Villager (Male) |
| 16:21 | Queue | Villager (Male) |
| 16:22 | Queue | Villager (Male) |
| 16:31 | Queue | Villager (Male) |
| 16:37 | Build | Farm |
| 16:44 | Build | Farm |
| 16:49 | Queue | Villager (Male) |
| 16:49 | Queue | Villager (Male) |
| 16:49 | Queue | Villager (Male) |
| 16:50 | Queue | Villager (Male) |
| 16:57 | Build | Farm |
| 17:05 | Research | Wheelbarrow |
| 17:14 | Build | Farm |
| 17:39 | Queue | Villager (Male) |
| 17:40 | Queue | Villager (Male) |
| 17:51 | Build | Town Center |
| 17:54 | Queue | Villager (Male) |
| 17:56 | Build | House |
| 18:07 | Build | Farm |
| 18:10 | Queue | Villager (Male) |
| 18:11 | Build | Farm |
| 18:14 | Queue | Villager (Male) |
| 18:14 | Queue | Villager (Male) |
| 18:35 | Queue | Villager (Male) |
| 18:41 | Queue | Villager (Male) |
| 18:41 | Research | Hand Cart |
| 18:42 | Research | Hand Cart |
| 18:53 | Build | Farm |
| 18:54 | Queue | Villager (Male) |
| 18:55 | Queue | Villager (Male) |
| 18:56 | Build | Farm |
| 19:01 | Build | Farm |
| 19:03 | Queue | Villager (Male) |
| 19:03 | Queue | Villager (Male) |
| 19:06 | Build | Farm |
| 19:12 | Queue | Villager (Male) |
| 19:12 | Queue | Villager (Male) |
| 19:13 | Queue | Villager (Male) |
| 19:18 | Build | House |
| 19:19 | Build | House |
| 19:23 | Queue | Villager (Male) |
| 19:28 | Queue | Villager (Male) |
| 19:28 | Queue | Villager (Male) |
| 19:33 | Build | House |
| 19:34 | Build | House |
| 19:35 | Build | House |
| 19:38 | Build | Farm |
| 19:41 | Queue | Villager (Male) |
| 19:41 | Queue | Villager (Male) |
| 19:45 | Build | Farm |
| 19:51 | Build | Farm |
| 19:53 | Queue | Villager (Male) |
| 19:54 | Queue | Villager (Male) |
| 19:58 | Queue | Villager (Male) |
| 19:58 | Queue | Villager (Male) |
| 19:59 | Queue | Villager (Male) |
| 20:00 | Build | Farm |
| 20:03 | Queue | Villager (Male) |
| 20:03 | Queue | Villager (Male) |
| 20:13 | Queue | Villager (Male) |
| 20:13 | Queue | Villager (Male) |
| 20:21 | Build | House |
| 20:23 | Build | Farm |
| 20:25 | Queue | Villager (Male) |
| 20:25 | Queue | Villager (Male) |
| 20:25 | Queue | Villager (Male) |
| 20:29 | Build | Farm |
| 20:40 | Build | Farm |
| 20:42 | Build | Farm |
| 20:43 | Queue | Villager (Male) |
| 20:44 | Queue | Villager (Male) |
| 20:47 | Build | Farm |
| 20:52 | Build | Farm |
| 20:53 | Queue | Villager (Male) |
| 20:54 | Queue | Villager (Male) |
| 20:54 | Queue | Villager (Male) |
| 20:54 | Queue | Villager (Male) |
| 20:54 | Queue | Villager (Male) |
| 20:55 | Queue | Villager (Male) |
| 20:59 | Queue | Villager (Male) |
Build order — 杜孤
First 150 of 291 actions detected
| 0:01 | Queue | Villager (Male) |
| 0:01 | Queue | Villager (Male) |
| 0:02 | Build | House |
| 0:04 | Build | House |
| 0:14 | Queue | Villager (Male) |
| 0:14 | Queue | Villager (Male) |
| 0:50 | Research | Loom |
| 0:51 | Queue | Villager (Male) |
| 0:51 | Queue | Villager (Male) |
| 1:27 | Build | Palisade Wall |
| 1:34 | Queue | Villager (Male) |
| 2:19 | Queue | Villager (Male) |
| 2:44 | Queue | Villager (Male) |
| 2:44 | Queue | Villager (Male) |
| 3:23 | Queue | Villager (Male) |
| 3:35 | Queue | Villager (Male) |
| 3:35 | Queue | Villager (Male) |
| 4:10 | Build | Palisade Wall |
| 4:12 | Build | Palisade Wall |
| 4:21 | Queue | Villager (Male) |
| 4:22 | Queue | Villager (Male) |
| 4:33 | Build | House |
| 4:45 | Queue | Villager (Male) |
| 4:45 | Queue | Villager (Male) |
| 5:03 | Build | Lumber Camp |
| 5:12 | Build | House |
| 5:19 | Queue | Villager (Male) |
| 5:20 | Queue | Villager (Male) |
| 6:10 | Queue | Villager (Male) |
| 6:11 | Queue | Villager (Male) |
| 6:25 | Queue | Villager (Male) |
| 6:42 | Build | House |
| 6:46 | Queue | Villager (Male) |
| 7:09 | Queue | Villager (Male) |
| 7:43 | Queue | Villager (Male) |
| 8:19 | Build | Barracks |
| 8:23 | Queue | Villager (Male) |
| 8:53 | Queue | Villager (Male) |
| 8:58 | Build | Mining Camp |
| 9:11 | Research | Feudal Age |
| 9:34 | Build | Mill |
| 9:47 | Build | House |
| 9:56 | Queue | Militia |
| 9:57 | Queue | Militia |
| 10:18 | Queue | Militia |
| 10:47 | Queue | Villager (Male) |
| 10:48 | Queue | Villager (Male) |
| 11:09 | Queue | Villager (Male) |
| 11:31 | Age | Feudal Age |
| 11:36 | Research | Man-at-Arms (upgrade) |
| 11:39 | Build | Watch Tower |
| 11:56 | Research | Arson |
| 11:59 | Queue | Villager (Male) |
| 12:07 | Build | Mill |
| 12:34 | Build | Mining Camp |
| 12:39 | Queue | Villager (Male) |
| 12:52 | Build | Archery Range |
| 13:02 | Queue | Villager (Male) |
| 13:04 | Build | Farm |
| 13:13 | Build | House |
| 13:14 | Build | House |
| 14:24 | Queue | Archer |
| 14:25 | Queue | Archer |
| 14:25 | Queue | Archer |
| 14:34 | Queue | Villager (Male) |
| 14:35 | Queue | Villager (Male) |
| 14:35 | Queue | Villager (Male) |
| 14:38 | Build | Farm |
| 14:39 | Build | Farm |
| 14:41 | Build | Farm |
| 14:42 | Build | Farm |
| 14:43 | Queue | Villager (Male) |
| 14:44 | Queue | Villager (Male) |
| 14:53 | Build | Watch Tower |
| 15:17 | Build | Watch Tower |
| 15:28 | Queue | Archer |
| 15:33 | Build | Blacksmith |
| 15:41 | Build | Palisade Wall |
| 15:42 | Build | Palisade Wall |
| 15:44 | Build | Palisade Wall |
| 15:51 | Build | Palisade Gate |
| 15:54 | Queue | Villager (Male) |
| 15:54 | Queue | Villager (Male) |
| 15:55 | Build | Farm |
| 16:17 | Build | Palisade Wall |
| 16:19 | Build | Palisade Wall |
| 16:19 | Build | Palisade Wall |
| 16:20 | Build | Palisade Wall |
| 16:21 | Build | Palisade Wall |
| 16:21 | Build | Palisade Wall |
| 16:32 | Build | Stone Wall |
| 16:40 | Queue | Villager (Male) |
| 16:41 | Queue | Villager (Male) |
| 16:51 | Build | Stone Wall |
| 16:55 | Queue | Villager (Male) |
| 16:56 | Queue | Villager (Male) |
| 17:08 | Build | House |
| 17:09 | Build | House |
| 17:41 | Queue | Villager (Male) |
| 18:02 | Build | Market |
| 18:16 | Research | Castle Age |
| 18:16 | Research | Castle Age |
| 18:42 | Research | Double-Bit Axe |
| 18:54 | Build | Stone Wall |
| 19:20 | Build | Outpost |
| 19:30 | Build | Farm |
| 19:30 | Build | Farm |
| 19:30 | Build | Farm |
| 19:31 | Build | Farm |
| 19:31 | Build | Farm |
| 19:32 | Build | Farm |
| 19:38 | Research | Horse Collar |
| 20:04 | Queue | Villager (Male) |
| 20:04 | Queue | Villager (Male) |
| 20:25 | Build | Gate |
| 20:34 | Queue | Villager (Male) |
| 20:59 | Age | Castle Age |
| 21:01 | Queue | Villager (Male) |
| 21:01 | Queue | Villager (Male) |
| 21:03 | Build | Town Center |
| 21:14 | Build | Town Center |
| 21:17 | Queue | Villager (Male) |
| 22:11 | Queue | Villager (Male) |
| 22:12 | Queue | Villager (Male) |
| 22:14 | Research | Bow Saw |
| 22:31 | Build | Monastery |
| 22:37 | Queue | Villager (Male) |
| 22:37 | Queue | Villager (Male) |
| 22:38 | Queue | Villager (Male) |
| 22:38 | Queue | Villager (Male) |
| 22:38 | Queue | Villager (Male) |
| 22:40 | Queue | Villager (Male) |
| 22:56 | Build | Outpost |
| 23:03 | Queue | Villager (Male) |
| 23:04 | Queue | Villager (Male) |
| 23:15 | Build | House |
| 23:16 | Build | House |
| 23:18 | Build | House |
| 23:20 | Queue | Villager (Male) |
| 23:21 | Queue | Villager (Male) |
| 23:24 | Queue | Monk |
| 23:28 | Queue | Monk |
| 23:29 | Queue | Villager (Male) |
| 23:40 | Research | Gold Mining |
| 24:47 | Queue | Villager (Male) |
| 24:47 | Queue | Villager (Male) |
| 24:48 | Queue | Villager (Male) |
| 24:48 | Queue | Villager (Male) |
| 24:50 | Queue | Villager (Male) |
| 24:50 | Queue | Villager (Male) |
Build order — champyinz21
First 150 of 166 actions detected
| 0:00 | Queue | Villager (Male) |
| 0:00 | Queue | Villager (Male) |
| 0:01 | Queue | Villager (Male) |
| 0:01 | Queue | Villager (Male) |
| 0:02 | Build | House |
| 0:04 | Build | House |
| 1:17 | Queue | Villager (Male) |
| 1:55 | Queue | Villager (Male) |
| 2:00 | Build | Lumber Camp |
| 2:03 | Queue | Villager (Male) |
| 2:47 | Queue | Villager (Male) |
| 3:07 | Queue | Villager (Male) |
| 3:55 | Queue | Villager (Male) |
| 3:55 | Queue | Villager (Male) |
| 3:55 | Queue | Villager (Male) |
| 4:09 | Build | House |
| 4:33 | Queue | Villager (Male) |
| 4:47 | Queue | Villager (Male) |
| 4:52 | Build | House |
| 4:59 | Build | Mill |
| 5:15 | Queue | Villager (Male) |
| 5:54 | Queue | Villager (Male) |
| 6:16 | Queue | Villager (Male) |
| 6:53 | Queue | Villager (Male) |
| 7:09 | Queue | Villager (Male) |
| 7:20 | Queue | Villager (Male) |
| 7:25 | Build | House |
| 7:42 | Build | Farm |
| 7:46 | Build | Farm |
| 7:48 | Build | Farm |
| 8:06 | Queue | Villager (Male) |
| 8:31 | Queue | Villager (Male) |
| 8:33 | Research | Feudal Age |
| 8:39 | Build | Mining Camp |
| 9:33 | Queue | Villager (Male) |
| 10:04 | Queue | Villager (Male) |
| 11:08 | Age | Feudal Age |
| 11:12 | Build | Market |
| 11:20 | Build | Blacksmith |
| 11:33 | Build | Mining Camp |
| 12:16 | Research | Castle Age |
| 13:04 | Build | House |
| 14:15 | Queue | Villager (Male) |
| 14:56 | Age | Castle Age |
| 15:06 | Queue | Villager (Male) |
| 15:28 | Build | Castle |
| 15:30 | Queue | Villager (Male) |
| 15:35 | Research | Fletching |
| 15:41 | Research | Double-Bit Axe |
| 15:43 | Research | Horse Collar |
| 15:47 | Research | Gold Mining |
| 16:08 | Queue | Villager (Male) |
| 16:26 | Queue | Villager (Male) |
| 16:36 | Research | Loom |
| 16:55 | Queue | Longbowman |
| 16:55 | Queue | Longbowman |
| 17:07 | Queue | Villager (Male) |
| 17:18 | Build | Monastery |
| 17:28 | Queue | Longbowman |
| 17:29 | Queue | Villager (Male) |
| 17:34 | Build | Siege Workshop |
| 17:41 | Queue | Longbowman |
| 17:59 | Queue | Monk |
| 18:12 | Queue | Longbowman |
| 18:13 | Queue | Villager (Male) |
| 18:27 | Queue | Villager (Male) |
| 18:30 | Build | Farm |
| 18:33 | Build | Farm |
| 18:48 | Queue | Longbowman |
| 18:49 | Queue | Villager (Male) |
| 18:57 | Build | Farm |
| 18:59 | Build | Farm |
| 19:03 | Build | Farm |
| 19:14 | Queue | Villager (Male) |
| 19:17 | Build | Farm |
| 19:27 | Queue | Battering Ram |
| 19:29 | Queue | Villager (Male) |
| 19:36 | Build | Farm |
| 19:45 | Queue | Longbowman |
| 20:01 | Queue | Battering Ram |
| 20:02 | Queue | Villager (Male) |
| 20:34 | Build | Farm |
| 20:36 | Build | Farm |
| 20:42 | Build | Farm |
| 20:43 | Queue | Villager (Male) |
| 20:55 | Queue | Villager (Male) |
| 21:04 | Build | University |
| 21:18 | Queue | Longbowman |
| 21:20 | Research | Bodkin Arrow |
| 21:21 | Queue | Villager (Male) |
| 21:54 | Queue | Villager (Male) |
| 22:10 | Queue | Villager (Male) |
| 22:13 | Build | Farm |
| 22:39 | Queue | Longbowman |
| 22:39 | Queue | Longbowman |
| 22:58 | Queue | Villager (Male) |
| 23:01 | Build | House |
| 23:03 | Build | House |
| 23:06 | Build | House |
| 23:10 | Queue | Villager (Male) |
| 24:01 | Queue | Villager (Male) |
| 24:02 | Queue | Villager (Male) |
| 24:32 | Build | Farm |
| 24:41 | Queue | Longbowman |
| 24:41 | Queue | Longbowman |
| 24:51 | Build | Farm |
| 24:51 | Build | Farm |
| 24:51 | Build | Farm |
| 24:52 | Build | Farm |
| 24:53 | Build | Farm |
| 24:53 | Build | Farm |
| 24:58 | Research | Bow Saw |
| 25:28 | Research | Wheelbarrow |
| 25:32 | Queue | Longbowman |
| 25:33 | Queue | Longbowman |
| 25:35 | Research | Ballistics |
| 26:01 | Queue | Longbowman |
| 26:22 | Queue | Longbowman |
| 26:41 | Research | Imperial Age |
| 26:53 | Build | Lumber Camp |
| 27:01 | Build | Mining Camp |
| 27:05 | Queue | Villager (Male) |
| 27:08 | Queue | Longbowman |
| 27:09 | Queue | Longbowman |
| 27:09 | Queue | Longbowman |
| 27:21 | Research | Padded Archer Armor |
| 27:55 | Queue | Longbowman |
| 27:55 | Queue | Longbowman |
| 28:06 | Build | House |
| 28:07 | Build | House |
| 28:08 | Build | House |
| 28:10 | Build | House |
| 28:18 | Queue | Longbowman |
| 28:49 | Research | Yeomen |
| 28:57 | Queue | Longbowman |
| 29:34 | Research | Leather Archer Armor |
| 29:53 | Age | Imperial Age |
| 29:55 | Queue | Trebuchet (Packed) |
| 30:02 | Research | Chemistry |
| 30:15 | Queue | Villager (Male) |
| 30:28 | Queue | Villager (Male) |
| 30:40 | Queue | Longbowman |
| 30:41 | Queue | Longbowman |
| 31:07 | Research | Bracer |
| 31:10 | Queue | Longbowman |
| 31:10 | Queue | Longbowman |
| 31:12 | Queue | Villager (Male) |
| 31:21 | Queue | Villager (Male) |
| 31:33 | Queue | Longbowman |
| 31:33 | Queue | Longbowman |
Build order — Eugenius
First 150 of 427 actions detected
| 0:02 | Queue | Villager (Male) |
| 0:02 | Queue | Villager (Male) |
| 0:03 | Build | House |
| 0:10 | Queue | Villager (Male) |
| 0:10 | Queue | Villager (Male) |
| 0:11 | Queue | Villager (Male) |
| 0:13 | Research | Loom |
| 0:14 | Research | Loom |
| 0:15 | Build | House |
| 0:27 | Queue | Villager (Male) |
| 0:28 | Queue | Villager (Male) |
| 0:33 | Queue | Villager (Male) |
| 0:33 | Queue | Villager (Male) |
| 0:45 | Build | Palisade Wall |
| 1:54 | Queue | Villager (Male) |
| 1:55 | Queue | Villager (Male) |
| 1:55 | Queue | Villager (Male) |
| 2:29 | Queue | Villager (Male) |
| 2:29 | Queue | Villager (Male) |
| 2:29 | Queue | Villager (Male) |
| 2:56 | Build | Settlement |
| 3:09 | Queue | Villager (Male) |
| 3:09 | Queue | Villager (Male) |
| 3:09 | Queue | Villager (Male) |
| 3:33 | Queue | Villager (Male) |
| 3:34 | Queue | Villager (Male) |
| 3:55 | Queue | Villager (Male) |
| 3:55 | Queue | Villager (Male) |
| 3:55 | Queue | Villager (Male) |
| 4:25 | Queue | Villager (Male) |
| 4:25 | Queue | Villager (Male) |
| 4:34 | Queue | Villager (Male) |
| 4:35 | Queue | Villager (Male) |
| 4:35 | Queue | Villager (Male) |
| 4:53 | Queue | Villager (Male) |
| 4:53 | Queue | Villager (Male) |
| 4:53 | Queue | Villager (Male) |
| 5:07 | Queue | Villager (Male) |
| 5:07 | Queue | Villager (Male) |
| 5:25 | Queue | Villager (Male) |
| 6:10 | Queue | Villager (Male) |
| 6:22 | Queue | Villager (Male) |
| 6:40 | Build | Settlement |
| 7:08 | Queue | Villager (Male) |
| 7:45 | Queue | Villager (Male) |
| 8:19 | Research | Feudal Age |
| 8:19 | Research | Feudal Age |
| 8:57 | Build | Farm |
| 9:04 | Build | Settlement |
| 9:30 | Queue | Villager (Male) |
| 9:37 | Build | Farm |
| 10:06 | Build | Palisade Wall |
| 10:29 | Age | Feudal Age |
| 10:31 | Build | Watch Tower |
| 10:32 | Research | Double-Bit Axe |
| 10:39 | Queue | Villager (Male) |
| 11:11 | Queue | Spearman |
| 11:19 | Build | Stone Wall |
| 11:20 | Build | Stone Wall |
| 11:22 | Queue | Villager (Male) |
| 11:26 | Queue | Villager (Male) |
| 12:14 | Queue | Villager (Male) |
| 12:15 | Queue | Villager (Male) |
| 12:19 | Queue | Villager (Male) |
| 12:20 | Queue | Villager (Male) |
| 12:28 | Build | Stone Wall |
| 12:29 | Build | Stone Wall |
| 12:43 | Build | Stone Wall |
| 12:44 | Build | Stone Wall |
| 12:46 | Queue | Villager (Male) |
| 12:48 | Build | Farm |
| 12:50 | Build | Farm |
| 12:56 | Build | Settlement |
| 13:02 | Build | Settlement |
| 13:12 | Build | House |
| 13:13 | Build | House |
| 13:15 | Queue | Villager (Male) |
| 13:36 | Build | Outpost |
| 13:48 | Queue | Villager (Male) |
| 13:49 | Build | Farm |
| 14:22 | Build | Gate |
| 14:34 | Build | Market |
| 15:08 | Build | Outpost |
| 15:27 | Queue | Villager (Male) |
| 15:27 | Queue | Villager (Male) |
| 15:35 | Build | Blacksmith |
| 15:40 | Build | Blacksmith |
| 16:04 | Research | Horse Collar |
| 16:04 | Research | Horse Collar |
| 16:11 | Research | Castle Age |
| 16:11 | Research | Castle Age |
| 17:16 | Build | Stone Wall |
| 17:17 | Build | Stone Wall |
| 17:51 | Research | Gold Mining |
| 17:51 | Research | Gold Mining |
| 17:53 | Queue | Villager (Male) |
| 18:00 | Build | Outpost |
| 18:29 | Queue | Villager (Male) |
| 18:57 | Age | Castle Age |
| 19:02 | Research | Bow Saw |
| 19:03 | Research | Bow Saw |
| 19:03 | Queue | Villager (Male) |
| 19:08 | Build | Town Center |
| 19:13 | Build | Town Center |
| 19:25 | Build | Farm |
| 19:37 | Queue | Villager (Male) |
| 19:44 | Build | Town Center |
| 20:00 | Build | Town Center |
| 20:06 | Build | Farm |
| 20:07 | Build | Farm |
| 20:12 | Build | House |
| 20:15 | Build | Farm |
| 20:29 | Build | Siege Workshop |
| 20:48 | Queue | Villager (Male) |
| 20:49 | Queue | Villager (Male) |
| 20:50 | Queue | Villager (Male) |
| 20:50 | Queue | Villager (Male) |
| 20:50 | Queue | Villager (Male) |
| 20:54 | Queue | Mangonel |
| 20:54 | Queue | Mangonel |
| 20:54 | Queue | Mangonel |
| 21:03 | Queue | Villager (Male) |
| 21:04 | Queue | Villager (Male) |
| 21:13 | Research | Stone Mining |
| 21:14 | Research | Stone Mining |
| 21:20 | Queue | Villager (Male) |
| 21:21 | Queue | Villager (Male) |
| 21:21 | Queue | Villager (Male) |
| 21:21 | Queue | Villager (Male) |
| 21:21 | Queue | Villager (Male) |
| 21:30 | Queue | Villager (Male) |
| 21:30 | Build | Farm |
| 21:33 | Build | Farm |
| 21:38 | Build | Farm |
| 21:57 | Build | Stone Wall |
| 21:58 | Build | Stone Wall |
| 21:59 | Build | Stone Wall |
| 22:11 | Queue | Mangonel |
| 22:14 | Queue | Villager (Male) |
| 22:14 | Queue | Villager (Male) |
| 22:17 | Queue | Villager (Male) |
| 22:31 | Queue | Villager (Male) |
| 22:31 | Queue | Villager (Male) |
| 22:31 | Queue | Villager (Male) |
| 22:31 | Queue | Villager (Male) |
| 22:39 | Build | House |
| 22:40 | Build | House |
| 22:46 | Build | Farm |
| 22:47 | Build | Farm |
| 22:48 | Queue | Villager (Male) |
Build order — Spank~
First 150 of 520 actions detected
| 0:01 | Queue | Villager (Male) ×5 |
| 0:03 | Build | House |
| 0:04 | Build | House |
| 0:10 | Queue | Villager (Male) |
| 0:11 | Queue | Villager (Male) |
| 1:38 | Queue | Villager (Male) |
| 2:00 | Build | Lumber Camp |
| 2:00 | Queue | Villager (Male) |
| 2:15 | Queue | Villager (Male) |
| 2:46 | Queue | Villager (Male) |
| 2:46 | Queue | Villager (Male) |
| 3:23 | Queue | Villager (Male) |
| 3:39 | Build | House |
| 4:00 | Queue | Villager (Male) |
| 4:16 | Build | Mill |
| 4:33 | Queue | Villager (Male) |
| 4:33 | Queue | Villager (Male) |
| 4:55 | Queue | Villager (Male) |
| 4:55 | Queue | Villager (Male) |
| 5:15 | Queue | Villager (Male) |
| 5:15 | Queue | Villager (Male) |
| 5:19 | Build | House |
| 5:19 | Build | House |
| 5:40 | Queue | Villager (Male) |
| 6:22 | Queue | Villager (Male) |
| 6:53 | Queue | Villager (Male) |
| 7:45 | Queue | Villager (Male) |
| 8:25 | Queue | Villager (Male) |
| 8:43 | Research | Feudal Age |
| 9:01 | Build | Farm |
| 9:02 | Build | Farm |
| 9:07 | Build | Farm |
| 9:31 | Queue | Villager (Male) |
| 9:31 | Queue | Villager (Male) |
| 10:09 | Build | Farm |
| 11:00 | Age | Feudal Age |
| 11:02 | Build | Market |
| 11:04 | Build | Blacksmith |
| 11:08 | Build | Blacksmith |
| 12:06 | Research | Castle Age |
| 12:06 | Research | Castle Age |
| 12:35 | Research | Double-Bit Axe |
| 12:35 | Research | Double-Bit Axe |
| 12:36 | Research | Horse Collar |
| 13:09 | Build | House |
| 13:14 | Build | Farm |
| 13:39 | Build | House |
| 13:59 | Queue | Villager (Male) |
| 14:00 | Queue | Villager (Male) |
| 14:45 | Age | Castle Age |
| 14:46 | Build | Town Center |
| 14:48 | Research | Bow Saw |
| 14:48 | Research | Bow Saw |
| 14:49 | Research | Heavy Plow |
| 14:53 | Build | Town Center |
| 15:05 | Build | House |
| 15:08 | Build | Monastery |
| 15:14 | Queue | Villager (Male) |
| 15:16 | Build | Farm |
| 15:25 | Build | House |
| 15:38 | Queue | Villager (Male) |
| 15:41 | Build | Mining Camp |
| 15:51 | Build | Farm |
| 15:55 | Build | House |
| 16:01 | Queue | Villager (Male) |
| 16:13 | Queue | Villager (Male) |
| 16:21 | Build | House |
| 16:23 | Queue | Villager (Male) |
| 16:25 | Queue | Villager (Male) |
| 16:25 | Queue | Villager (Male) |
| 16:27 | Queue | Villager (Male) |
| 16:30 | Build | Monastery |
| 16:34 | Queue | Villager (Male) |
| 16:34 | Queue | Villager (Male) |
| 16:37 | Build | Farm |
| 16:46 | Queue | Villager (Male) |
| 16:51 | Build | Farm |
| 16:56 | Queue | Villager (Male) |
| 17:04 | Queue | Villager (Male) |
| 17:22 | Build | Farm |
| 17:24 | Queue | Villager (Male) |
| 17:36 | Build | Farm |
| 17:38 | Queue | Villager (Male) |
| 17:39 | Queue | Monk |
| 17:42 | Queue | Villager (Male) |
| 17:48 | Queue | Villager (Male) |
| 18:04 | Queue | Villager (Male) |
| 18:09 | Queue | Villager (Male) |
| 18:17 | Queue | Villager (Male) |
| 18:24 | Queue | Villager (Male) |
| 18:31 | Build | Town Center |
| 18:42 | Queue | Villager (Male) |
| 18:49 | Build | Farm |
| 18:53 | Build | Farm |
| 18:54 | Queue | Villager (Male) |
| 18:58 | Queue | Villager (Male) |
| 18:58 | Queue | Villager (Male) |
| 19:03 | Queue | Villager (Male) |
| 19:05 | Build | Farm |
| 19:09 | Build | Farm |
| 19:19 | Build | Farm |
| 19:20 | Build | Farm |
| 19:21 | Queue | Monk |
| 19:22 | Queue | Villager (Male) |
| 19:23 | Queue | Villager (Male) |
| 19:29 | Queue | Villager (Male) |
| 19:30 | Queue | Villager (Male) |
| 19:32 | Queue | Villager (Male) |
| 19:37 | Build | Farm |
| 19:40 | Queue | Villager (Male) |
| 19:42 | Build | Farm |
| 19:44 | Build | Farm |
| 19:48 | Build | House |
| 19:50 | Queue | Villager (Male) |
| 19:59 | Build | Farm |
| 20:02 | Build | Farm |
| 20:04 | Queue | Villager (Male) |
| 20:07 | Queue | Villager (Male) |
| 20:18 | Build | Farm |
| 20:20 | Queue | Villager (Male) |
| 20:20 | Queue | Villager (Male) |
| 20:21 | Build | Farm |
| 20:25 | Build | Farm |
| 20:32 | Queue | Villager (Male) |
| 20:40 | Queue | Villager (Male) |
| 20:40 | Queue | Villager (Male) |
| 20:43 | Build | Farm |
| 20:45 | Build | Farm |
| 20:47 | Queue | Villager (Male) |
| 20:50 | Build | Farm |
| 20:54 | Build | Farm |
| 21:00 | Research | Wheelbarrow |
| 21:02 | Queue | Villager (Male) |
| 21:08 | Queue | Villager (Male) |
| 21:08 | Queue | Villager (Male) |
| 21:11 | Build | House |
| 21:12 | Queue | Villager (Male) |
| 21:12 | Queue | Villager (Male) |
| 21:15 | Queue | Villager (Male) |
| 21:22 | Build | Siege Workshop |
| 21:24 | Queue | Villager (Male) |
| 21:28 | Build | Lumber Camp |
| 21:33 | Queue | Villager (Male) |
| 21:37 | Build | House |
| 21:42 | Build | House |
| 21:43 | Queue | Villager (Male) |
| 21:46 | Build | House |
| 21:49 | Build | House |
| 22:00 | Queue | Monk |
| 22:04 | Queue | Villager (Male) |
Match timeline
| 0:45 | Eugenius · wall_segment Palisade Wall x11 |
| 0:54 | KidCudi · wall_segment Palisade Wall x11 |
| 1:27 | 杜孤 · wall_segment Palisade Wall x11 |
| 2:23 | KidCudi · wall_segment Palisade Wall x12 |
| 4:10 | 杜孤 · wall_segment Palisade Wall x1 |
| 4:12 | 杜孤 · wall_segment Palisade Wall x1 |
| 8:19 | 杜孤 · first_building Barracks |
| 10:06 | Eugenius · wall_segment Palisade Wall x1 |
| 10:29 | Eugenius · age_up feudal |
| 10:33 | HoangNguyen · age_up feudal |
| 10:57 | MrDoDo · age_up feudal |
| 11:00 | Spank~ · age_up feudal |
| 11:08 | champyinz21 · age_up feudal |
| 11:19 | Eugenius · wall_segment Stone Wall x1 |
| 11:20 | Eugenius · wall_segment Stone Wall x1 |
| 11:28 | HoangNguyen · first_market_sell 100 stone |
| 11:31 | 杜孤 · age_up feudal |
| 11:40 | KidCudi · age_up feudal |
| 11:47 | JonnyTheMonkey · age_up feudal |
| 12:05 | Spank~ · first_market_sell 100 wood |
| 12:28 | Eugenius · wall_segment Stone Wall x3 |
| 12:29 | Eugenius · wall_segment Stone Wall x5 |
| 12:33 | KidCudi · wall_segment Stone Wall x7 |
| 12:35 | KidCudi · wall_segment Stone Wall x8 |
| 12:43 | Eugenius · wall_segment Stone Wall x11 |
| 12:44 | Eugenius · wall_segment Stone Wall x1 |
| 12:52 | 杜孤 · first_building Archery Range |
| 12:57 | JonnyTheMonkey · wall_segment Palisade Wall x1 |
| 12:59 | JonnyTheMonkey · wall_segment Palisade Wall x8 |
| 13:00 | KidCudi · wall_segment Stone Wall x1 |
| 14:09 | HoangNguyen · age_up castle |
| 14:27 | KidCudi · wall_segment Palisade Wall x1 |
| 14:28 | MrDoDo · age_up castle |
| 14:45 | Spank~ · age_up castle |
| 14:56 | champyinz21 · age_up castle |
| 15:08 | Spank~ · first_building Monastery |
| 15:08 | KidCudi · first_building Barracks |
| 15:21 | KidCudi · age_up castle |
| 15:28 | JonnyTheMonkey · age_up castle |
| 15:28 | champyinz21 · first_building Castle |
| 15:29 | KidCudi · first_building Siege Workshop |
| 15:41 | 杜孤 · wall_segment Palisade Wall x1 |
| 15:42 | 杜孤 · wall_segment Palisade Wall x1 |
| 15:44 | 杜孤 · wall_segment Palisade Wall x1 |
| 15:46 | KidCudi · wall_segment Stone Wall x1 |
| 16:17 | 杜孤 · wall_segment Palisade Wall x1 |
| 16:19 | 杜孤 · wall_segment Palisade Wall x1 |
| 16:19 | 杜孤 · wall_segment Palisade Wall x1 |
| 16:20 | 杜孤 · wall_segment Palisade Wall x1 |
| 16:21 | 杜孤 · wall_segment Palisade Wall x1 |
| 16:21 | 杜孤 · wall_segment Palisade Wall x1 |
| 16:22 | KidCudi · first_market_sell 100 wood |
| 16:32 | 杜孤 · wall_segment Stone Wall x11 |
| 16:51 | 杜孤 · wall_segment Stone Wall x1 |
| 17:02 | MrDoDo · first_market_buy 100 stone |
| 17:16 | Eugenius · wall_segment Stone Wall x9 |
| 17:17 | Eugenius · wall_segment Stone Wall x2 |
| 17:18 | champyinz21 · first_building Monastery |
| 17:34 | champyinz21 · first_building Siege Workshop |
| 17:58 | champyinz21 · first_market_sell 100 food |
| 18:30 | JonnyTheMonkey · first_building Monastery |
| 18:54 | 杜孤 · wall_segment Stone Wall x13 |
| 18:57 | Eugenius · age_up castle |
| 19:24 | JonnyTheMonkey · wall_segment Stone Wall x9 |
| 20:29 | Eugenius · first_building Siege Workshop |
| 20:59 | Spank~ · first_market_buy 100 food |
| 20:59 | 杜孤 · age_up castle |
| 21:19 | JonnyTheMonkey · first_market_buy 100 wood |
| 21:22 | Spank~ · first_building Siege Workshop |
| 21:28 | MrDoDo · first_building Monastery |
| 21:57 | Eugenius · wall_segment Stone Wall x1 |
| 21:58 | Eugenius · wall_segment Stone Wall x1 |
| 21:59 | Eugenius · wall_segment Stone Wall x1 |
| 22:09 | HoangNguyen · first_building Castle |
| 22:31 | 杜孤 · first_building Monastery |
| 22:33 | Spank~ · first_building Barracks |
| 22:57 | Eugenius · wall_segment Stone Wall x3 |
| 23:05 | Eugenius · first_market_buy 100 food |
| 23:25 | HoangNguyen · first_building Barracks |
| 23:29 | Spank~ · first_building Stable |
| 23:34 | Eugenius · first_building Castle |
| 23:39 | 杜孤 · first_market_buy 100 food |
| 24:01 | MrDoDo · first_market_sell 100 wood |
| 24:06 | MrDoDo · first_building Barracks |
| 24:25 | HoangNguyen · first_building Stable |
| 24:36 | JonnyTheMonkey · first_building Castle |
| 24:47 | Eugenius · first_building Monastery |
| 24:58 | KidCudi · first_market_buy 100 stone |
| 25:02 | Spank~ · first_building Castle |
| 25:16 | MrDoDo · first_building Castle |
| 25:18 | MrDoDo · first_building Stable |
| 25:27 | KidCudi · wall_segment Stone Wall x3 |
| 25:31 | KidCudi · wall_segment Stone Wall x3 |
| 25:38 | KidCudi · wall_segment Stone Wall x1 |
| 25:51 | JonnyTheMonkey · first_market_sell 100 food |
| 26:05 | champyinz21 · first_market_buy 100 food |
| 26:20 | KidCudi · wall_segment Stone Wall x1 |
| 26:52 | Eugenius · first_building Barracks |
| 27:13 | JonnyTheMonkey · first_building Barracks |
| 27:40 | MrDoDo · age_up imperial |
| 27:51 | JonnyTheMonkey · first_building Siege Workshop |
| 27:51 | Eugenius · first_building Archery Range |
| 28:06 | HoangNguyen · age_up imperial |
| 28:33 | Spank~ · age_up imperial |
| 29:40 | HoangNguyen · first_market_buy 100 wood |
| 29:45 | JonnyTheMonkey · age_up imperial |
| 29:53 | champyinz21 · age_up imperial |
| 29:54 | 杜孤 · first_building Castle |
| 30:36 | Eugenius · first_market_sell 100 wood |
| 32:19 | Eugenius · age_up imperial |
| 33:50 | 杜孤 · first_building Siege Workshop |
| 34:08 | 杜孤 · age_up imperial |
| 35:28 | Spank~ · resign |
[ AI ANALYSIS · 1 CREDIT ]
What really happened in this match?
Wolo.gg analyzes every decision: build order, eco, micro, common mistakes by bracket. Personalized analysis on WhatsApp or Discord in 30 seconds.
Civ guide
Slavs
Perfil
Jugador #14274535